 Dungeon Crawl Stone Soup version 0.27-a0-1431-gcffa5a9b16 (webtiles) character file.

Game seed: 7020130856306445098

51 robertstho the Skirmisher (level 3, -1/34 HPs)
             Began as a Minotaur Berserker on July 2, 2021.
             Was a Believer of Trog.
             Slain by a gnoll (3 damage)
             ... on level 2 of the Dungeon.
             The game lasted 00:02:23 (1120 turns).

robertstho the Skirmisher (Minotaur Berserker)      Turns: 1120, Time: 00:02:23

Health: -1/34      AC:  4    Str: 21    XL:     3   Next: 58%
Magic:  2/2        EV: 12    Int:  5    God:    Trog [**....]
Gold:   17         SH:  0    Dex:  9    Spells: 2/2 levels left

rFire    . . .     SeeInvis .   a - +0 hand axe
rCold    . . .     Faith    .   (no shield)
rNeg     . . .     Spirit   .   b - +1 animal skin
rPois    .         Reflect  .   (helmet restricted)
rElec    .         Harm     .   (no cloak)
rCorr    .         Rampage  .   g - +0 pair of gloves
Will     .....                  (no boots)
Stlth    +.........             (no amulet)
HPRegen  0.11/turn              (no ring)
MPRegen  0.08/turn              (no ring)

@: on berserk cooldown, slowed, very slow
A: horns 2, retaliatory headbutt
a: Renounce Religion, Berserk, Trog's Hand


You were on level 2 of the Dungeon.
You worshipped Trog.
Trog was pleased with you.
You visited 1 branch of the dungeon, and saw 2 of its levels.

You collected 28 gold pieces.
You spent 11 gold pieces at shops.

Inventory:

Hand Weapons
 a - a +0 hand axe (weapon)
Armour
 b - a +1 animal skin (worn)
 g - a +0 pair of gloves (worn)
Jewellery
 e - a ring of flight
Scrolls
 h - a scroll of identify
 i - a scroll of fog {unknown}
Potions
 c - 2 potions of lignification
 d - a potion of invisibility {unknown}
 f - a potion of heal wounds {unknown}


   Skills:
 * Level 4.5 Fighting
 + Level 4.2 Axes
 * Level 3.1 Armour
 + Level 2.4 Dodging


You had 2 spell levels left.
You didn't know any spells.
Your spell library was empty.

Dungeon Overview and Level Annotations

Branches:
Dungeon (2/15)

Altars:
Beogh

Shops:
D:1 (?[([


Innate Abilities, Weirdness & Mutations

You have a pair of horns on your head.
You reflexively headbutt those who attack you in melee.


Message History

The gnoll is moderately wounded.
The gnoll closely misses you.
The gnoll hits you from afar with a +0 spear.
You hit the gnoll.
The gnoll is severely wounded.
The gnoll hits you with a +0 spear.
The gnoll hits you from afar with a +0 spear!
You slash the gnoll!
You kill the gnoll!
Trog accepts your kill.
You hit the gnoll but do no damage.
The gnoll hits you from afar with a +0 spear.
* * * LOW HITPOINT WARNING * * *
The gnoll misses you.
You hit the gnoll but do no damage.
A goblin comes into view. It is wielding a +0 club.
The gnoll barely misses you. The gnoll misses you.
A red film seems to cover your vision as you go berserk!
You feel yourself moving faster!
You feel mighty!
The goblin shouts!
The gnoll misses you. The gnoll hits you with a +0 flail.
* * * LOW HITPOINT WARNING * * *
The gnoll barely misses you.
A giant cockroach comes into view.
You hit the gnoll.
The gnoll is severely wounded.
You closely miss the gnoll.
The gnoll hits you from afar with a +0 spear.
* * * LOW HITPOINT WARNING * * *
The gnoll hits you with a +0 flail.
* * * LOW HITPOINT WARNING * * *
The gnoll barely misses you.
The rat twitches its whiskers.
You feel a strong urge to attack something.
You feel your anger nearly subside.
You are no longer berserk.
You are exhausted.
You feel yourself slow down.
You fail to use your ability.
The gnoll hits you with a +0 flail.
You die...

.........))..#≈#...# #.
#.................# ..
#......)#.........# #.
#.......##.......##
#.#####......####.....##
#.(..........)..###+###
##.....####.###..##
#.$..rgg.#.# #..<#
#.....##@#.# #...#
#.....##...#...#.#
#.$..g###..#.#.#..
#.B..........#.##..
#..)..###..###.. ...
##..### #..# ..# ###.
.g.# #... .. .. .....
...# .....#


You could see 2 gnolls and a rat.

Vanquished Creatures
  A gnoll (D:2)
  2 dart slugs (D:1)
  2 orcs (D:2)
  4 ball pythons
  2 endoplasms (D:1)
  A giant cockroach (D:1)
  4 goblins
  5 jackals (D:1)
  2 quokkas (D:1)
  2 bats
  2 frilled lizards (D:1)
  3 kobolds (D:1)
  3 rats (D:1)
33 creatures vanquished.

Vanquished Creatures (others)
  5 plants (D:1)
5 creatures vanquished.

Grand Total: 38 creatures vanquished

Notes
Turn   | Place    | Note
-------+----------+-------------------------------------------
     0 | D:1      | robertstho the Minotaur Berserker began the quest for the
                  | Orb.
     0 | D:1      | Reached XP level 1. HP: 19/19 MP: 0/0
    44 | D:1      | Reached XP level 2. HP: 13/27 MP: 1/1
   334 | D:1      | Found Siqel's Weapon Boutique.
   463 | D:1      | Found Vyoxt's Magic Scroll Shoppe.
   466 | D:1      | Found Defaet's Armour Emporium.
   473 | D:1      | Reached XP level 3. HP: 29/33 MP: 2/2
   509 | D:1      | Bought a scroll of noise for 11 gold pieces
   734 | D:1      | Found Mabaeth's Armour Shop.
   757 | D:1      | Found Ridoin's Antique Weapon Shoppe.
   982 | D:2      | Reached ** piety under Trog
  1113 | D:2      | HP: 2/51 [gnoll (5)]
  1120 | D:2      | Slain by a gnoll

Illustrated notes

Levels and vault maps discovered:
D:1:      matt_arrival_spirals, layout_rooms, serial_shops,
          nicolae_shop_window_shopping, nicolae_shop_window_shopping,
          nicolae_shop_crystal, nicolae_shop_crystal, shop, serial_bayou_pond_c,
          serial_bayou_lagoon_a, minmay_strange_pillars
D:2:      layout_rooms, hellmonk_ecumenical_altar_defaced_shrine,
          kennysheep_pointless_box

Skill      XL: |  1  2  3 |
---------------+----------+-----
Fighting       | 4 |  4.5
Axes           | 4 |  4.2
Armour         | 3 |  3.1
Dodging        | |  2.4

Action                   || total
-------------------------++-------
Melee: Hand axe          ||    52
       Headbutt          ||     7
Invok: Berserk           ||     2
  Use: Scroll            ||     2
Armor: Animal skin       ||     7
Dodge: Dodged            ||    43

Table legend: (Time is in decaauts)
 A = Elapsed time spent in this place.
 B = Non-inter-level travel time spent in this place.
 C = Inter-level travel time spent in this place.
 D = Time resting spent in this place.
 E = Time spent auto-exploring this place.
 F = Levels seen in this place.
 G = Mean time per level.
                   A        B        C        D        E       F      G
               +--------+--------+--------+--------+--------+-----+--------+
         Total |   1140 |   1079 |     61 |    178 |    738 |   2 |  570.0 |
       Dungeon |   1140 |   1079 |     61 |    178 |    738 |   2 |  570.0 |
               +--------+--------+--------+--------+--------+-----+--------+

Top non-repeatable levels by time:
     D:1: 976 daAuts
     D:2: 164 daAuts
